 Dungeon Crawl Stone Soup version 0.28-a0-1555-g9ae15a6949 (webtiles) character file.

Game seed: 16520098959556538996

9 Pin the Chopper (level 2, 23/23 HPs)
             Began as a Hill Orc Monk on Jan 19, 2022.
             Was a Believer of Hepliaklqana.
             Quit the game on level 1 of the Dungeon.
             The game lasted 00:00:44 (712 turns).

Pin the Chopper (Hill Orc Monk)                      Turns: 712, Time: 00:00:44

Health: 23/23      AC:  2    Str: 13    XL:     2   Next: 12%
Magic:  2/2        EV: 12    Int: 10    God:    Hepliaklqana [**....]
Gold:   27         SH:  0    Dex: 13    Spells: 1/1 levels left

rFire   . . .      SeeInvis .   a - +0 hand axe
rCold   . . .      Faith    .   (no shield)
rNeg    . . .      Spirit   .   b - +0 robe
rPois   .          Reflect  .   (no helmet)
rElec   .          Harm     .   (no cloak)
rCorr   .          Rampage  .   (no gloves)
Will    .....                   (no boots)
Stlth   ++........              (no amulet)
HPRegen 0.07/turn               (no ring)
MPRegen 0.08/turn               (no ring)

@: no status effects
A: reduced essence
a: Renounce Religion, Ancestor Life: Knight, Ancestor Life: Battlemage, Ancestor
Life: Hexer, Recall Ancestor, Ancestor Identity


You were on level 1 of the Dungeon.
You worshipped Hepliaklqana.
Hepliaklqana was pleased with you.
You visited 1 branch of the dungeon, and saw 1 of its levels.

You collected 27 gold pieces.

Inventory:

Hand Weapons
 a - a +0 hand axe (weapon)
Armour
 b - a +0 robe (worn)
Jewellery
 e - a ring of fire
Scrolls
 c - a scroll of blinking {unknown}
 f - a scroll of vulnerability {unknown}
Potions
 d - a potion of attraction {unknown}


   Skills:
 - Level 3.6 Fighting
 - Level 4.0 Axes
 + Level 1.9 Armour
 - Level 2.4 Dodging
 - Level 1.5 Stealth


You had one spell level left.
You didn't know any spells.
Your spell library was empty.

Dungeon Overview and Level Annotations

Branches:
Dungeon (1/15)

Altars:
Hepliaklqana


Message History

HP restored.
You start waiting.
Done waiting.
You start waiting.
Done waiting.
You see here a jackal skeleton.
e - a ring of fire You open the door.
There is an open door here.
You open the door.
There is an open door here.
You now have 27 gold pieces (gained 11).
A rat comes into view.
The helpless rat fails to defend itself.
You hit the rat.
You kill the rat!
No target in view!
No target in view!
No target in view!
No target in view!
No target in view!
No target in view!
No target in view!
No target in view!
Found a faded altar of an unknown god.
f - a scroll labelled LAOSOYMEGE
Found a stone staircase leading down.
There is a faded altar of an unknown god here.
You cannot tell which god this altar belongs to.
Convert to them anyway?
Hepliaklqana accepts your prayer! Hepliaklqana welcomes you!
Hepliaklqana forms a fragment of your life essence into the memory of your ancestor, Inhapi!
You can now recall your ancestor.
You can now remember your ancestor's identity.
You may now remember your ancestor's life.
You offer a prayer to Hepliaklqana.
Unknown command.
Press < or > to pray at altars.
You offer a prayer to Hepliaklqana.
Are you sure you want to abandon this character and quit the game? (Confirm with "yes".)

#.##.# ..#. #.##.#
....#.######.##.####
..>.......†.........
#..#..#####.##.####
##.........#.#....
......#...#.######
#..#.#....#########.#
#.@R#..............
#..#.#....#########.#
#....#.....#
#.........##
#.###....... #
.......### .........
#.........


You could see the friendly Inhapi the ancestor.

Vanquished Creatures
  A bat (D:1)
  An endoplasm (D:1)
  4 jackals (D:1)
  A rat (D:1)
7 creatures vanquished.

Notes
Turn   | Place    | Note
-------+----------+-------------------------------------------
     0 | D:1      | Pin the Hill Orc Monk began the quest for the Orb.
     0 | D:1      | Reached XP level 1. HP: 19/19 MP: 1/1
   156 | D:1      | Reached skill level 1 in Armour
   160 | D:1      | Reached XP level 2. HP: 17/26 MP: 2/2
   693 | D:1      | Found a faded altar of an unknown god.
   711 | D:1      | Prayed at the altar of an unknown god.
   711 | D:1      | Became a worshipper of Hepliaklqana the Forgotten
   711 | D:1      | Reached * piety under Hepliaklqana
   711 | D:1      | Reached ** piety under Hepliaklqana
   712 | D:1      | Quit the game

Illustrated notes

Levels and vault maps discovered:
D:1:      nzn_arrival_depleted_hourglass, layout_basic,
          chequers_ecumenical_altar_simple_redux, nrook_mini_backslash,
          hex_large

Skill      XL: |  1 |
---------------+----+-----
Armour         | 1 |  1.9
Fighting       | |  3.6
Axes           | |  4.0
Dodging        | |  2.4
Stealth        | |  1.5

Action                   || total
-------------------------++-------
Melee: Hand axe          ||    25
       Punch             ||     1
 Stab: Sleeping          ||     1
Armor: Robe              ||     8
Dodge: Dodged            ||    13

Table legend: (Time is in decaauts)
 A = Elapsed time spent in this place.
 B = Non-inter-level travel time spent in this place.
 C = Inter-level travel time spent in this place.
 D = Time resting spent in this place.
 E = Time spent auto-exploring this place.
 F = Levels seen in this place.
 G = Mean time per level.
                   A        B        C        D        E       F      G
               +--------+--------+--------+--------+--------+-----+--------+
         Total |    714 |    714 |      0 |    418 |    233 |   1 |  714.0 |
       Dungeon |    714 |    714 |      0 |    418 |    233 |   1 |  714.0 |
               +--------+--------+--------+--------+--------+-----+--------+

Top non-repeatable levels by time:
     D:1: 714 daAuts
